 Dungeon Crawl Stone Soup version 0.22-a0-305-gd21a89c (webtiles) character file.

126 CountDeLaPain the Skirmisher (level 4, -3/41 HPs)
             Began as a Minotaur Fighter on Mar 30, 2018.
             Was an Initiate of Trog.
             Slain by Sigmund
             ... wielding a +0 scythe
              (8 damage)
             ... on level 3 of the Dungeon.
             The game lasted 00:05:09 (1931 turns).

CountDeLaPain the Skirmisher (Minotaur Fighter)     Turns: 1931, Time: 00:05:10

Health: -3/41      AC:  7    Str: 20    XL:     4   Next: 83%
Magic:  3/3        EV:  8    Int:  6    God:    Trog [......]
Gold:   131        SH:  0    Dex: 10    Spells: 3/3 levels left

rFire    . . .     SeeInvis .   a - +1 war axe
rCold    . . .     Gourm    .   c - +0 shield
rNeg     . . .     Faith    .   b - +0 scale mail
rPois    .         Spirit   .   (helmet restricted)
rElec    .         Reflect  .   (no cloak)
rCorr    .         Harm     .   (no gloves)
MR       .....                  (no boots)
Stlth    ..........             (no amulet)
HPRegen  0.13/turn              (no ring)
MPRegen  0.08/turn              (no ring)

@: confused
A: retaliatory headbutt, horns 2
a: Renounce Religion


You were on level 3 of the Dungeon.
You worshipped Trog.
Trog was noncommittal.
You were not hungry.

You visited 1 branch of the dungeon, and saw 3 of its levels.

You collected 131 gold pieces.

Inventory:

Hand Weapons
 a - a +1 war axe (weapon)
 p - a +0 mace
Armour
 b - a +0 scale mail (worn)
 c - a +0 shield (worn)
Scrolls
 h - 3 scrolls of remove curse
 i - 4 scrolls of identify
 k - a scroll of teleportation {unknown}
 l - a scroll of amnesia {unknown}
 r - a scroll of blinking {unknown}
Potions
 d - a potion of might
 e - 2 potions of heal wounds
 g - a potion of brilliance {unknown}
 m - a potion of mutation {unknown}
 n - a potion of curing {unknown}
 o - a potion of flight {unknown}
Comestibles
 f - 3 rations


   Skills:
 + Level 4.4 Fighting
 + Level 4.2 Axes
 + Level 4.4 Armour
 + Level 1.1 Dodging
 + Level 4.2 Shields


You had 3 spell levels left.
You didn't know any spells.

Dungeon Overview and Level Annotations

Branches:
Dungeon (3/15)

Altars:
Trog
Yredelemnul

Annotations:
D:3 Sigmund


Innate Abilities, Weirdness & Mutations

You reflexively headbutt those who attack you in melee.
You have a pair of horns on your head.


Message History

Sigmund is heavily wounded.
Sigmund closely misses you.
You completely miss Sigmund.
Sigmund is heavily wounded.
Sigmund hits you with a scythe!
You hit Sigmund.
Sigmund is heavily wounded.
Sigmund hits you with a scythe!
You hit Sigmund but do no damage. Your headbutt misses Sigmund.
Sigmund is heavily wounded.
Sigmund casts a spell at you.
You are confused.
Your shield and scale mail prevent you from hitting Sigmund.
Sigmund is heavily wounded.
Sigmund casts a spell at you.
You are more confused.
You're too confused to move!
Sigmund hits you with a scythe!
* * * LOW HITPOINT WARNING * * *
You bump into the rock wall.
Sigmund hits you with a scythe!
You die...

.# #### .#.# #... #.#.#
#.# #### #.#.# #.#
#.#.# #.# #.#.# #.# #
#.#@##.# .#. #.#@#.#
#.#.#.#.##.###
#............#
#.########.#.# #.######
#.#.# .#
####.##...###.#.#####.#
#.............#.....#.#
####.#._.######.....#.#
####.#...# #.....#>#


You could see Sigmund.

Vanquished Creatures
  3 gnolls (D:3)
  3 adders (D:2)
  2 worms
  3 dart slugs
  9 ball pythons
  4 bats (D:1)
  2 giant cockroaches
  5 goblins
  7 hobgoblins
  6 jackals (D:2)
  A quokka (D:2)
  A frilled lizard (D:3)
  7 kobolds
  6 rats
59 creatures vanquished.

Notes
Turn   | Place    | Note
-------+----------+-------------------------------------------
     0 | D:1      | CountDeLaPain the Minotaur Fighter began the quest for the Orb.
     0 | D:1      | Reached XP level 1. HP: 19/19 MP: 0/0
   166 | D:1      | Reached XP level 2. HP: 20/27 MP: 1/1
   536 | D:2      | Reached skill level 1 in Dodging
   541 | D:2      | Reached XP level 3. HP: 32/33 MP: 2/2
   823 | D:2      | Found a faded altar of an unknown god.
   940 | D:2      | Reached XP level 4. HP: 40/40 MP: 3/3
  1063 | D:2      | Found a basalt altar of Yredelemnul.
  1896 | D:3      | Found a bloodstained altar of Trog.
  1907 | D:3      | Became a worshipper of Trog the Wrathful
  1921 | D:3      | Noticed Sigmund
  1931 | D:3      | Slain by Sigmund

Vault maps used:
D:1:      dpeg_arrival_pond
D:2:      yredelemnul_altar_generic, chequers_ecumenical_altar_twisty,
          minmay_snake_closets
D:3:      bloody_trog, first_ration, columned_hall_lemuel,
          makhleb_blood_cavern_becter, uniq_sigmund, uniq_crazy_yiuf_cottage

Skill      XL: |  1  2  3  4 |
---------------+-------------+-----
Axes           | 3 4 |  4.2
Fighting       | 4 |  4.4
Dodging        | 1 |  1.1
Shields        | 4 |  4.2
Armour         | 4 |  4.4

Action                   |  1- 3 |  4- 6 || total
-------------------------+-------+-------++-------
Melee: War axe           |    83 |    50 ||   133
       Headbutt          |    11 |    13 ||    24
  Use: Scroll            |       |     3 ||     3
  Eat: Chunk             |       |     3 ||     3
Armor: Scale mail        |    32 |     7 ||    39
Dodge: Dodged            |    27 |    13 ||    40
Block: Shield            |    56 |    28 ||    84

Table legend:
 A = Spawn XP
 B = Non-spawn XP
 C = Spawn XP percentage of total XP
 D = Spawn monster count
 E = Non-spawn monster count
 F = Spawn count percentage of total count
 G = Total turns spent on level
                    A         B        C        D         E        F      G
               +---------+---------+-------+---------+---------+-------+---------
         Total |       0 |     180 |   0.0 |       0 |      59 |   0.0 |  1931
               +---------+---------+-------+---------+---------+-------+---------
           D:1 |       0 |      32 |   0.0 |       0 |      18 |   0.0 |   512
           D:2 |       0 |      91 |   0.0 |       0 |      31 |   0.0 |   955
           D:3 |       0 |      57 |   0.0 |       0 |      10 |   0.0 |   464
               +---------+---------+-------+---------+---------+-------+---------
